 Dungeon Crawl Stone Soup version 0.30-a0-358-g0d69a1922f (webtiles) character file.

Game seed: 10332791050105675478

59 koil the Chopper (level 4, -7/37 HPs)
             Began as a Hill Orc Reaver on Nov 8, 2022.
             Mangled by Terence
             ... wielding a +3 vorpal trident
              (10 damage)
             ... on level 2 of the Dungeon.
             The game lasted 00:02:56 (1590 turns).

koil the Chopper (Hill Orc Reaver)                  Turns: 1590, Time: 00:02:57

Health: -7/37      AC:  5    Str: 16    XL:     4   Next: 3%
Magic:  6/6        EV: 10    Int: 19    God:
Gold:   89         SH:  3    Dex:  9    Spells: 5/6 levels left

rFire   . . .      SeeInvis .    a - +0 hand axe
rCold   . . .      Faith    .    k - +0 buckler
rNeg    . . .      Spirit   .    i - +0 ring mail
rPois   .          Reflect  .    (no helmet)
rElec   .          Harm     .    (no cloak)
rCorr   .          Rampage  .    (no gloves)
Will    .....                    (no boots)
Stlth   ..........               (no amulet)
HPRegen 0.26/turn                m - +6 ring of intelligence
MPRegen 0.10/turn                (no ring)

@: no status effects
A: no striking features
a: no special abilities


You were on level 2 of the Dungeon.
You visited 1 branch of the dungeon, and saw 2 of its levels.

You collected 89 gold pieces.

Inventory:

Hand Weapons
 a - a +0 hand axe (weapon)
 f - a +3 dagger
Missiles
 r - 2 poisoned darts
Armour
 b - a +0 leather armour
 i - a +0 ring mail (worn)
 k - a +0 buckler (worn)
Jewellery
 e - a ring of ice
 m - a +6 ring of intelligence (left hand)
 o - an amulet of faith
Scrolls
 h - a scroll of poison {unknown}
 l - a scroll of identify {unknown}
 n - a scroll of teleportation {unknown}
Potions
 c - a potion of attraction {unknown}
 d - a potion of ambrosia {unknown}
 g - a potion of degeneration {unknown}
 j - a potion of brilliance {unknown}
 p - a potion of berserk rage {unknown}
 q - a potion of might {unknown}


   Skills:
 + Level 2.8 Fighting
 + Level 4.4 Axes
 + Level 1.2 Armour
 + Level 2.0 Dodging
 + Level 1.0 Shields
 + Level 1.9 Spellcasting
 + Level 3.2 Conjurations


You had 5 spell levels left.
You knew the following spells:

 Your Spells              Type           Power      Damage    Failure   Level
a - Kiss of Death         Conj/Necr      32%        2d7       22%         1

Your spell library contained the following spells:

 Spells                   Type           Power      Damage    Failure   Level
 Momentum Strike          Conj/Tloc      16%        3d8       34%         2
 Hailstorm                Conj/Ice       8%         3d4       56%         3


Dungeon Overview and Level Annotations

Branches:
Dungeon (2/15)

Altars:

Annotations:
D:2 Terence


Message History

There is a stone staircase leading up here.
You closely miss the bat.
The bat is heavily wounded.
The bat hits you but does no damage. The bat hits you but does no damage.
The bat misses you. The bat hits you but does no damage.
You hit the bat but do no damage.
The bat is heavily wounded.
The bat hits you but does no damage. The bat hits you.
The bat closely misses you.
You barely miss the bat.
The bat is moderately wounded.
The bat hits you but does no damage. x2
You block the bat's attack.
You barely miss the bat.
The bat is moderately wounded.
The bat misses you. The bat barely misses you.
The bat hits you but does no damage. x2
The bat completely misses you.
You hit the bat.
You kill the bat!
Your Shields skill increases to level 1!
No target in view!
No target in view!
Terence the Incautious comes into view.
He is wielding a +3 vorpal trident.
Terence hits you from afar with a +3 vorpal trident.
Terence asks, "Do you want it fast or slow?"
You aren't carrying any items that you can evoke.
Terence barely misses you.
You hit Terence but do no damage. Terence closely misses you. x2
You barely miss Terence.
Terence hits you with a +3 vorpal trident.
You closely miss Terence.
Terence hits you with a +3 vorpal trident!
You hit Terence but do no damage.
Terence hits you with a +3 vorpal trident!
* * * LOW HITPOINT WARNING * * *
x2 Terence hits you from afar with a +3 vorpal trident!
You die...

#.#
##.#....#....
#.# #.#.#.......
#.# # #.########
#.. ..
#.###.#####.##
#...........#
#@# #.#
##@#######
#######.........
#.........#####.
#<#####...# #.#
##### # #.# #.#
#.# #.#


You could see Terence.

Vanquished Creatures
  3 adders (D:2)
  A dart slug (D:1)
  3 endoplasms
  A giant cockroach (D:2)
  3 goblins
  3 hobgoblins (D:2)
  2 kobolds (D:1)
  A quokka (D:1)
  3 ball pythons
  6 bats
  A frilled lizard (D:2)
  3 rats (D:1)
30 creatures vanquished.

Notes
Turn   | Place    | Note
-------+----------+-------------------------------------------
     0 | D:1      | koil the Hill Orc Reaver began the quest for the Orb.
     0 | D:1      | Reached XP level 1. HP: 18/18 MP: 3/3
   306 | D:1      | Reached XP level 2. HP: 25/25 MP: 4/4
  1072 | D:2      | Reached skill level 1 in Armour
  1072 | D:2      | Reached XP level 3. HP: 19/30 MP: 5/5
  1546 | D:2      | Reached XP level 4. HP: 35/37 MP: 6/6
  1579 | D:2      | Reached skill level 1 in Shields
  1582 | D:2      | Noticed Terence
  1589 | D:2      | HP: 3/37 [Terence/+3 vorpal trident (10)]
  1590 | D:2      | Mangled by Terence

Illustrated notes

Levels and vault maps discovered:
D:1:      psy_arrival_fountain, layout_basic
D:2:      layout_loops_ring, uniq_terence

Skill      XL: |  1  2  3  4 |
---------------+-------------+-----
Armour         | 1 |  1.2
Dodging        | 2 |  2.0
Shields        | 1 |  1.0
Fighting       | |  2.8
Axes           | |  4.4
Spellcasting   | |  1.9
Conjurations   | |  3.2

Action                   |  1- 3 |  4- 6 || total
-------------------------+-------+-------++-------
Melee: Hand axe          |   103 |    16 ||   119
Armor: Leather armour    |    13 |       ||    13
       Ring mail         |    27 |    18 ||    45
Dodge: Dodged            |    64 |    18 ||    82
Block: Buckler           |     9 |     3 ||    12

Table legend: (Time is in decaauts)
 A = Elapsed time spent in this place.
 B = Non-inter-level travel time spent in this place.
 C = Inter-level travel time spent in this place.
 D = Time resting spent in this place.
 E = Time spent auto-exploring this place.
 F = Levels seen in this place.
 G = Mean time per level.
                   A        B        C        D        E       F      G
               +--------+--------+--------+--------+--------+-----+--------+
         Total |   1603 |   1525 |     78 |      0 |   1232 |   2 |  801.5 |
       Dungeon |   1603 |   1525 |     78 |      0 |   1232 |   2 |  801.5 |
               +--------+--------+--------+--------+--------+-----+--------+

Top non-repeatable levels by time:
     D:1: 1043 daAuts
     D:2: 560 daAuts
